 Dungeon Crawl Stone Soup version 0.29.1-15-g9cfb28693d (console) character file.

Game seed: 10288472017374175824

5523 thromnambular the Fighter (level 10, -1/107 HPs)
             Began as an Ogre Hedge Wizard on May 2, 2023.
             Was a Believer of Trog.
             Slain by Grum
             ... wielding a +0 spear
              (14 damage)
             ... on level 1 of the Lair of Beasts.
             The game lasted 00:29:00 (11050 turns).

thromnambular the Fighter (Ogre Hedge Wizard)      Turns: 11050, Time: 00:29:01

Health: -1/107     AC:  8    Str: 13 (16) XL:     10   Next: 70%
Magic:  0/15       EV: 12    Int: 18 (21) God:    Trog [**....]
Gold:   92         SH:  0    Dex: 11 (12) Spells: 15/16 levels left

rFire   . . .      SeeInvis .   G - +0 morningstar (vorpal)
rCold   . . .      Faith    .   (no shield)
rNeg    . . .      Spirit   +   A - +0 steam dragon scales
rPois   .          Reflect  .   c - +1 hat
rElec   .          Harm     .   D - +0 cloak
rCorr   .          Rampage  .   (gloves unavailable)
Will    +++..                   (boots unavailable)
Stlth   ++........              j - amulet of guardian spirit
HPRegen 1.27/turn               n - +6 ring of intelligence
MPRegen 0.14/turn               (no ring)

@: strong-willed, on berserk cooldown, regenerating, unable to read
A: large, unfitting armour, tough skin 1, subdued magic 1, inability to read
after injury 1, MP-powered wands
a: Renounce Religion, Berserk, Trog's Hand


You were on level 1 of the Lair of Beasts.
You worshipped Trog.
Trog was pleased with you.
You visited 2 branches of the dungeon, and saw 9 of its levels.

You collected 306 gold pieces.
You spent 214 gold pieces at shops.

Inventory:

Hand Weapons
 a - a +0 dagger
 e - a +0 mace
 i - a +0 club
 k - a +2 dagger of protection
 u - a +0 giant spiked club
 y - a +1 flail of protection
 G - a +0 vorpal morningstar (weapon)
Missiles
 l - 3 boomerangs (quivered)
 s - 7 poisoned darts
Armour
 b - a +0 robe
 c - a +1 hat (worn)
 A - +0 steam dragon scales (worn)
 D - a +0 cloak (worn)
 F - a +2 robe of fire resistance
Jewellery
 j - an amulet of guardian spirit (around neck)
 n - a +6 ring of intelligence (left hand)
 o - a ring of ice
 E - an amulet of magic regeneration
Scrolls
 z - 2 scrolls of butterflies
 B - a scroll of magic mapping
Potions
 d - 2 potions of magic
 f - a potion of resistance
 h - a potion of flight
 m - 3 potions of attraction
 q - a potion of might {unknown}
 r - 3 potions of ambrosia
 v - 2 potions of curing
 w - a potion of haste


   Skills:
 + Level 9.5 Fighting
 + Level 8.2 Maces & Flails
 + Level 4.8 Throwing
 + Level 8.7 Dodging
 - Level 1.4 Stealth
 - Level 3.6 Spellcasting
 - Level 0.8 Conjurations
 - Level 0.8 Summonings
 - Level 0.8 Translocations


You had 15 spell levels left.
You knew the following spells:

 Your Spells              Type           Power      Damage    Failure   Level
a - Magic Dart            Conj           16%        1d3       9%          1

Your spell library contained the following spells:

 Spells                   Type           Power      Damage    Failure   Level
 Slow                     Hex            8%         N/A       13%         1
 Blink                    Tloc           8%         N/A       13%         2
 Call Imp                 Summ           4%         N/A       13%         2
 Conjure Flame            Conj/Fire      3%         6-21      32%         3
 Mephitic Cloud           Conj/Pois/Air  3%         N/A       34%         3


Dungeon Overview and Level Annotations

Branches:
Dungeon (8/15)             Temple (0/1) D:5            Lair (1/5) D:8

Altars:
Ashenzari
Fedhas
Gozag
Kikubaaqudgha
Makhleb
Trog
Uskayaw

Shops:
D:3 [!(:(   D:6 ?

Annotations:
D:8 Gastronok
Lair:1 Grum


Innate Abilities, Weirdness & Mutations

You are too large for most types of armour.
You have tough skin. (AC +1)
Your spells are a little easier to cast, but a little less powerful.
You occasionally lose the ability to read scrolls when taking damage.
You expend magic power (3 MP) to strengthen your wands.


Message History

Grum hits you but does no damage. The wolf bites you but does no damage.
You hit the wolf.
You kill the wolf!
Trog accepts your kill. The wolf bites you but does no damage.
Grum hits you but does no damage.
Okay, then.
You aren't carrying any items that you can evoke.
Okay, then.
You aren't carrying any items that you can evoke.
Okay, then.
You feel better. The wolf bites you.
Okay, then.
You barely miss the wolf. The wolf bites you but does no damage.
Grum hits you from afar with a +0 spear!
The wolf barely misses you.
You closely miss the wolf.
Grum hits you from afar with a +0 spear!
The wolf bites you.
* * * LOW HITPOINT WARNING * * *
You miss the wolf. The wolf bites you.
* * * LOW HITPOINT WARNING * * *
Grum completely misses you.
You completely miss the wolf. The wolf bites you.
* * * LOW HITPOINT WARNING * * *
You aren't carrying any items that you can evoke.
It was a potion of degeneration.
There was something very wrong with that liquid.
You feel weakened.
You feel dopey.
You feel clumsy. The wolf bites you but does no damage.
Grum hits you but does no damage. The wolf bites you.
* * * LOW HITPOINT WARNING * * *
It was a potion of cancellation.
Your magical effects are unravelling.
You feel magically purged.
You feel yourself slow down. The wolf bites you!
* * * LOW HITPOINT WARNING * * *
Grum hits you from afar with a +0 spear!
You feel threatened and lose the ability to read scrolls!
You die...

..##.#..#P#.#...~~.~...
....................!...
......................=.
.).P##..................
..### ..................
...# #...........?......
..## #..?...............
..# #........ghY.......
..# ##.........#@####..
..............g###
...............##
..####........!.# ..#
#..........# ..#
#.........## ..#
#.........# ..#
#.........# #.........#


You could see an elephant, Grum and a wolf.

Vanquished Creatures
  2 elephants (Lair:1)
  Maggie (D:8)
  A troll (D:8)
  A polar bear (Lair:1)
  Prince Ribbit (D:7)
  9 yaks
  A steam dragon (D:8)
  Menkaure (D:6)
  A black bear (D:6)
  2 ice beasts
  4 ogres
  A centaur (D:5)
  2 wolves (Lair:1)
  Blork the orc (D:6)
  4 bullfrogs
  2 necrophages
  4 scorpions
  3 wights (D:6)
  A howler monkey (D:6)
  2 electric eels (D:7)
  2 hounds
  A jelly (D:6)
  2 gnoll boudas
  An orc priest (D:8)
  Crazy Yiuf (D:5)
  Ijyb (D:5)
  4 iguanas
  2 orc wizards (D:8)
  10 gnolls
  9 adders
  A white imp (D:6)
  An ufetubus (D:5)
  3 worms
  4 dart slugs
  13 orcs
  7 ball pythons
  9 endoplasms
  4 giant cockroaches
  5 hobgoblins
  8 jackals
  4 kobolds
  2 quokkas
  2 bats
  A frilled lizard (D:2)
  13 goblins
  7 rats
161 creatures vanquished.

Vanquished Creatures (others)
  5 fungi
  13 plants
18 creatures vanquished.

Grand Total: 179 creatures vanquished

Notes
Turn   | Place    | Note
-------+----------+-------------------------------------------
     0 | D:1      | thromnambular the Ogre Hedge Wizard began the quest for the
                  | Orb.
     0 | D:1      | Reached XP level 1. HP: 16/16 MP: 5/5
    23 | D:1      | Reached skill level 1 in Fighting
   293 | D:1      | Reached skill level 2 in Fighting
   308 | D:1      | Reached XP level 2. HP: 28/28 MP: 3/6
   379 | D:1      | Learned a level 2 spell: Blink
   682 | D:1      | Found a faded altar of an unknown god.
   691 | D:1      | Reached skill level 3 in Fighting
   699 | D:1      | Reached XP level 3. HP: 37/37 MP: 2/8
   705 | D:1      | Prayed at the altar of an unknown god.
   705 | D:1      | Became a worshipper of Trog the Wrathful
   705 | D:1      | Reached * piety under Trog
  1045 | D:2      | Reached skill level 1 in Maces & Flails
  1350 | D:2      | Reached skill level 4 in Fighting
  1350 | D:2      | Reached XP level 4. HP: 36/48 MP: 5/9
  2038 | D:2      | Reached skill level 1 in Throwing
  2386 | D:3      | Found Natsin's Antique Weapon Shop.
  2423 | D:3      | Found Jaampis's Book Shop.
  2575 | D:3      | Reached skill level 5 in Fighting
  2591 | D:3      | Reached XP level 5. HP: 57/57 MP: 10/10
  2598 | D:3      | Found Lapaiju's Distillery.
  2602 | D:3      | Bought a potion of heal wounds for 60 gold pieces
  2628 | D:3      | Found Dant's Antique Armour Boutique.
  2634 | D:3      | Reached ** piety under Trog
  2643 | D:3      | Found Guawn's Antique Weapon Boutique.
  2760 | D:3      | Found a burning altar of Makhleb.
  2760 | D:3      | Found a broken altar of Ashenzari.
  2830 | D:3      | Found an ancient bone altar of Kikubaaqudgha.
  2985 | D:4      | Noticed an ogre
  3001 | D:4      | Killed an ogre
  3002 | D:4      | Reached XP level 6. HP: 66/66 MP: 11/11
  3641 | D:4      | Reached XP level 7. HP: 63/69 MP: 5/12
  3922 | D:4      | Found a blossoming altar of Fedhas.
  4098 | D:5      | Entered Level 5 of the Dungeon
  4215 | D:5      | Noticed a yak
  4234 | D:5      | Killed a yak
  4479 | D:5      | Noticed a yak
  4479 | D:5      | Noticed a yak
  4842 | D:5      | Reached skill level 5 in Dodging
  4842 | D:5      | Reached XP level 8. HP: 36/80 MP: 4/13
  4927 | D:5      | Found a staircase to the Ecumenical Temple.
  5138 | D:5      | Gained mutation: You passively map a small area around you.
                  | [potion of mutation]
  5138 | D:5      | Gained mutation: You are frail. (-10% HP) [potion of
                  | mutation]
  5139 | D:5      | Lost mutation: You are frail. (-10% HP) [potion of
                  | mutation]
  5139 | D:5      | Lost mutation: You passively map a small area around you.
                  | [potion of mutation]
  5139 | D:5      | Gained mutation: You occasionally lose the ability to drink
                  | potions when taking damage. [potion of mutation]
  5139 | D:5      | Gained mutation: You have an increased reservoir of magic.
                  | (+10% MP) [potion of mutation]
  5139 | D:5      | Gained mutation: You expend magic power (3 MP) to
                  | strengthen your wands. [potion of mutation]
  5358 | D:5      | Killed a yak
  5365 | D:5      | Killed a yak
  5366 | D:5      | Reached skill level 5 in Maces & Flails
  5652 | D:5      | Noticed Ijyb
  5663 | D:5      | Killed Ijyb
  6062 | D:5      | Found a runed translucent door.
  6062 | D:5      | Identified the +6 hammer of the Dead {pain, Dex+2}
  6063 | D:5      | Noticed Crazy Yiuf
  6073 | D:5      | Killed Crazy Yiuf
  6606 | D:6      | Found Egadghufi's Magic Scroll Boutique.
  6737 | D:6      | Reached XP level 9. HP: 88/88 MP: 15/15
  6841 | D:6      | Noticed Menkaure
  6842 | D:6      | Noticed Blork the orc
  6883 | D:6      | Killed Menkaure
  7129 | D:6      | Found an opulent altar of Gozag.
  7129 | D:6      | Found a hide-covered altar of Uskayaw.
  7292 | D:6      | Killed Blork the orc
  7293 | D:6      | Reached skill level 6 in Fighting
  7337 | D:6      | Lost mutation: You occasionally lose the ability to drink
                  | potions when taking damage. [potion of mutation]
  7337 | D:6      | Lost mutation: You have an increased reservoir of magic.
                  | (+10% MP) [potion of mutation]
  7337 | D:6      | Gained mutation: Your spells are a little harder to cast,
                  | but a little more powerful. [potion of mutation]
  7337 | D:6      | Gained mutation: You occasionally shout uncontrollably at
                  | your foes. [potion of mutation]
  7934 | D:7      | Lost mutation: Your spells are a little harder to cast, but
                  | a little more powerful. [potion of mutation]
  7934 | D:7      | Lost mutation: You occasionally shout uncontrollably at
                  | your foes. [potion of mutation]
  7934 | D:7      | Gained mutation: You occasionally lose the ability to read
                  | scrolls when taking damage. [potion of mutation]
  7934 | D:7      | Gained mutation: Your spells are a little easier to cast,
                  | but a little less powerful. [potion of mutation]
  8098 | D:3      | Bought a runed morningstar for 154 gold pieces
  8189 | D:7      | Noticed Prince Ribbit
  8196 | D:7      | Killed Prince Ribbit
  8197 | D:7      | Reached skill level 7 in Fighting
  9797 | D:8      | Reached skill level 8 in Fighting
 10073 | D:8      | Noticed a troll
 10086 | D:8      | Killed a troll
 10087 | D:8      | Reached XP level 10. HP: 104/104 MP: 11/15
 10205 | D:8      | Reached *** piety under Trog
 10523 | D:8      | Found a staircase to the Lair.
 10547 | D:8      | Noticed Maggie
 10574 | D:8      | Killed Maggie
 10575 | D:8      | Reached skill level 9 in Fighting
 10862 | D:8      | Noticed Gastronok
 10871 | Lair:1   | Entered Level 1 of the Lair of Beasts
 10892 | Lair:1   | Noticed an elephant
 10892 | Lair:1   | Noticed an elephant
 10893 | Lair:1   | Noticed an elephant
 10913 | Lair:1   | Killed an elephant
 10978 | Lair:1   | Noticed Grum
 11003 | Lair:1   | Noticed an elephant
 11010 | Lair:1   | Killed an elephant
 11050 | Lair:1   | Slain by Grum

Illustrated notes

Levels and vault maps discovered:
D:1:      dpeg_arrival_tiny_a, layout_rooms,
          hellmonk_ecumenical_altar_arch_garden, minmay_tetromino_i2
D:2:      layout_basic
D:3:      layout_loops_cross, chequers_temple_overflow_statue_of_worship,
          serial_shops, nicolae_shop_crystal, nicolae_shop_hallway_stairs,
          nicolae_shop_crystal, nicolae_shop_stone, nicolae_shop_stone
D:4:      layout_rooms, mainiacjoe_overflow_catwalk
D:5:      layout_basic, minmay_temple_entry_wispy, hangedman_decor_growths,
          uniq_ijyb, uniq_crazy_yiuf_cottage
D:6:      layout_cave_pods, gammafunk_temple_overflow_statue, serial_shops,
          nicolae_shop_behind_doors, uniq_menkaure, uniq_blork_the_orc
D:7:      layout_loops_ring, serial_bayou, serial_bayou_pond_a,
          serial_bayou_lagoon_b, serial_bayou_crossing, serial_bayou_pond_e,
          minmay_stone_trees_medium, chequers_hall_statues_corner_a,
          solitary_fountain, hangedman_abyss_or_decor_lesser_grid,
          uniq_prince_ribbit1
D:8:      layout_loops_ring, kennysheep_okawaru_gauntlet, dpeg_oklobed_lair,
          uniq_maggie, uniq_maurice, uniq_gastronok
Lair:1:   layout_small_grid, nicolae_lair_grazing_beasts
          [nicolae_sub_lair_graze_edge, nicolae_sub_lair_graze_edge,
          nicolae_sub_lair_graze_edge, nicolae_sub_lair_graze_edge], uniq_grum

Skill      XL: |  1  2  3  4  5  6  7  8  9 10 |
---------------+-------------------------------+-----
Fighting       | 2 3 4 5 8 9 |  9.5
Maces & Flails | 1 2 4 6 7 8 |  8.2
Throwing       | 1 2 3 4 |  4.8
Dodging        | 2 3 5 6 8 |  8.7
Stealth        | |  1.4
Spellcasting   | |  3.6
Conjurations   | |  0.8
Summonings     | |  0.8
Translocations | |  0.8

Action                   |  1- 3 |  4- 6 |  7- 9 | 10-12 || total
-------------------------+-------+-------+-------+-------++-------
Melee: Dagger            |    63 |    69 |       |       ||   132
       Club              |     4 |       |       |       ||     4
       Giant spiked club |       |    42 |    46 |       ||    88
       Mace              |       |    27 |    15 |       ||    42
       Flail             |       |       |   173 |       ||   173
       Punch             |       |       |     3 |     2 ||     5
       Morningstar       |       |       |    73 |   110 ||   183
Throw: Boomerang         |    10 |    97 |    59 |     6 ||   172
       Dart              |       |       |    27 |       ||    27
 Cast: Magic Dart        |    36 |       |       |       ||    36
Invok: Berserk           |     2 |     4 |     8 |     3 ||    17
       Trog's Hand       |       |       |       |     2 ||     2
Evoke: Wand              |       |       |     3 |       ||     3
  Use: Scroll            |     1 |     2 |    15 |     2 ||    20
       Potion            |       |     1 |     5 |     9 ||    15
 Stab: Sleeping          |       |     2 |     2 |       ||     4
Armor: Robe              |    28 |    48 |    80 |     5 ||   161
       Steam dragon scal |       |       |       |    37 ||    37
Dodge: Dodged            |    36 |    92 |   184 |   109 ||   421
